 Dungeon Crawl Stone Soup version 0.22-a0-570-g58866f5 (webtiles) character file.

3256 vierth the Fighter (level 9, -7/83 HPs)
             Began as a Minotaur Fighter on June 30, 2018.
             Was a Follower of Trog.
             Killed from afar by an electric eel (9 damage)
             ... with a bolt of electricity
             ... on level 8 of the Dungeon.
             The game lasted 00:12:32 (6005 turns).

vierth the Fighter (Minotaur Fighter)               Turns: 6005, Time: 00:12:33

Health: -7/83      AC: 12    Str: 24    XL:     9   Next: 67%
Magic:  9/9        EV:  8    Int:  5    God:    Trog [*.....]
Gold:   657        SH: 11    Dex: 10    Spells: 10/10 levels left

rFire    + . .     SeeInvis .   a - +1 war axe (chop)
rCold    . . .     Gourm    .   c - +0 shield
rNeg     . . .     Faith    .   b - +1 scale mail
rPois    .         Spirit   .   (helmet restricted)
rElec    .         Reflect  .   v - +0 cloak
rCorr    +         Harm     .   (no gloves)
MR       .....                  y - +0 pair of boots
Stlth    ..........             e - amulet of regeneration
HPRegen  0.63/turn              s - ring of resist corrosion
MPRegen  0.11/turn              o - ring of protection from fire

@: berserk cooldown, slowed, very slow
A: retaliatory headbutt, horns 2
a: Berserk, Renounce Religion


You were on level 8 of the Dungeon.
You worshipped Trog.
Trog was aware of your devotion.
You were not hungry.

You visited 2 branches of the dungeon, and saw 9 of its levels.
You also visited: Ossuary.

You collected 657 gold pieces.

Inventory:

Hand Weapons
 a - a +1 war axe of chopping (weapon)
 x - a +1 mace of protection
Armour
 b - a +1 scale mail (worn)
 c - a +0 shield (worn)
 v - a +0 cloak (worn)
 y - a +0 pair of boots (worn)
Jewellery
 e - an amulet of regeneration (around neck)
 m - an uncursed ring of flight
 o - a ring of protection from fire (right hand)
 s - a ring of resist corrosion (left hand)
 D - a +1 ring of evasion
Wands
 w - a wand of random effects (17)
Scrolls
 i - 4 scrolls of teleportation
 n - 2 scrolls of remove curse
 p - a scroll of fog
 r - 9 scrolls of identify
 F - a scroll of blinking
 H - 4 scrolls of immolation
 J - a scroll of noise
Potions
 d - 4 potions of might
 g - 2 potions of heal wounds
 h - a potion of brilliance
 j - a potion of cancellation {unknown}
 k - 5 potions of mutation
 l - 2 potions of resistance
 t - 2 potions of agility {unknown}
 u - 2 potions of berserk rage
 z - 5 potions of curing
 A - a potion of flight {unknown}
 E - a potion of lignification {unknown}
 G - a potion of ambrosia {unknown}
 I - 4 potions of degeneration {unknown}
 K - a potion of magic {unknown}
Comestibles
 f - 14 rations


   Skills:
 + Level 9.0 Fighting
 + Level 8.2(8.3) Axes
 - Level 1.4(5.3) Maces & Flails
 + Level 8.9 Armour
 + Level 8.8 Shields
 - Level 1.3 Spellcasting


You had 10 spell levels left.
You didn't know any spells.
Your spell library was empty.

Dungeon Overview and Level Annotations

Branches:
Dungeon (8/15)             Temple (1/1) D:6
   Lair: D:8-11

Altars:
Ashenzari
Cheibriados
Dithmenos
Elyvilon
Fedhas
Gozag
Hepliaklqana
Kikubaaqudgha
Makhleb
Nemelex Xobeh
Okawaru
Qazlal
Ru
Sif Muna
Trog
Uskayaw
Vehumet
Wu Jian
Xom
Yredelemnul
Zin
The Shining One


Innate Abilities, Weirdness & Mutations

You reflexively headbutt those who attack you in melee.
You have a pair of horns on your head.


Message History

Found a spear.
Found a shimmering altar of Xom.
You closely miss the electric eel. Your headbutt misses the electric eel.
The electric eel shoots out a bolt of lightning at you!
The bolt of electricity hits you!
You are too injured to fight recklessly!
You are too injured to fight recklessly!
You are too injured to fight recklessly!
You are too injured to fight recklessly!
The electric eel shoots out a bolt of lightning at you!
The bolt of electricity hits you!
The electric eel shoots out a bolt of lightning at you!
The bolt of electricity hits you!
* * * LOW HITPOINT WARNING * * *
The bolt of electricity hits you!
* * * LOW HITPOINT WARNING * * *
The electric eel shoots out a bolt of lightning at you!
The bolt of electricity hits you!
* * * LOW HITPOINT WARNING * * *
The bolt of electricity hits you!
You die...

...# ##<## #.#
....##...###.#####
......#>#.##.....#
...........†.....#
......#.#.#####).#
.........## #<.#
...##.#.## #..#
..# #.#.# #..# #
#@##### #..#
#.....# #..#
#....##;≈≈≈≈..
#.....#.# ≈...≈≈#
##.#.##.# .§...≈.
##.. #.# .§_..≈.
#.#. #.# .§§..≈#
#.## #.# ≈)..≈≈#
$. #.# ≈≈≈≈≈##


You could see an electric eel.

Vanquished Creatures
  A two-headed ogre (D:8)
  Grinder (D:3)
  A spriggan (D:7)
  Sigmund (D:3)
  A phantom (D:7)
  4 ogres
  A necrophage (D:8)
  5 centaurs
  A big kobold (D:7)
  4 bullfrogs
  A wyvern zombie (D:6)
  2 scorpions
  2 crimson imps
  A centaur zombie (Ossuary)
  A bullfrog skeleton (D:5)
  Crazy Yiuf (D:3)
  A hound (D:5)
  2 human zombies (Ossuary)
  A centaur skeleton (D:5)
  3 orc wizards
  3 iguanas
  2 worker ants
  2 big kobold zombies (Ossuary)
  4 mummies (Ossuary)
  A worker ant zombie (D:5)
  A howler monkey skeleton (D:4)
  A howler monkey zombie (D:5)
  5 adders
  4 gnolls
  2 shadow imps
  An adder skeleton (D:4)
  4 worms
  A dart slug (D:2)
  3 leopard geckos
  9 orcs
  4 giant cockroaches
  4 goblins
  4 hobgoblins
  3 jackals (D:1)
  6 quokkas
  4 ball pythons
  6 bats
  4 frilled lizards
  3 goblin zombies (Ossuary)
  5 kobolds
  A leopard gecko skeleton (D:4)
  A quokka zombie (D:6)
  3 rats
126 creatures vanquished.

Vanquished Creatures (others)
  A big kobold (D:8)
  A gnoll sergeant (D:8)
  A mummy (D:6)
  An orc (D:8)
4 creatures vanquished.

Grand Total: 130 creatures vanquished

Notes
Turn   | Place    | Note
-------+----------+-------------------------------------------
     0 | D:1      | vierth the Minotaur Fighter began the quest for the Orb.
     0 | D:1      | Reached XP level 1. HP: 19/19 MP: 0/0
   224 | D:1      | Reached XP level 2. HP: 27/27 MP: 1/1
   734 | D:2      | Reached skill level 4 in Fighting
   900 | D:2      | Reached XP level 3. HP: 26/33 MP: 2/2
   988 | D:2      | Found an opulent altar of Gozag.
  1539 | D:3      | Reached XP level 4. HP: 41/41 MP: 3/3
  1550 | D:3      | Noticed Grinder
  1562 | D:3      | Killed Grinder
  1562 | D:3      | Reached skill level 5 in Fighting
  1562 | D:3      | Reached skill level 5 in Armour
  1562 | D:3      | Reached skill level 5 in Shields
  1562 | D:3      | Reached XP level 5. HP: 17/48 MP: 4/4
  1562 | D:3      | Reached XP level 6. HP: 20/56 MP: 5/5
  1678 | D:3      | Found a sacrificial altar of Ru.
  2220 | D:3      | Noticed Sigmund
  2226 | D:3      | Killed Sigmund
  2309 | D:3      | Found a runed door.
  2575 | D:3      | Noticed Crazy Yiuf
  2581 | D:3      | Killed Crazy Yiuf
  2801 | D:4      | Found a shattered altar of Ashenzari.
  2831 | D:4      | Reached skill level 5 in Axes
  2831 | D:4      | Reached XP level 7. HP: 55/62 MP: 6/6
  2877 | D:4      | Reached skill level 6 in Fighting
  3425 | D:5      | Entered Level 5 of the Dungeon
  3577 | D:5      | Reached skill level 1 in Maces & Flails
  3803 | D:5      | Reached XP level 8. HP: 69/71 MP: 7/7
  3910 | D:5      | Reached skill level 1 in Spellcasting
  4080 | D:5      | Reached skill level 7 in Fighting
  4358 | D:6      | Found a staircase to the Ecumenical Temple.
  4363 | Temple   | Entered the Ecumenical Temple
  4423 | Temple   | Became a worshipper of Trog the Wrathful
  4626 | D:6      | Found a sand-covered staircase.
  4633 | Ossuary  | Entered an ossuary
  5151 | D:7      | Reached * piety under Trog
  5178 | D:7      | Found a shadowy altar of Dithmenos.
  5244 | D:7      | Found an iron altar of Okawaru.
  5245 | D:7      | Found a radiant altar of Vehumet.
  5252 | D:7      | Reached XP level 9. HP: 66/81 MP: 9/9
  5333 | D:7      | Reached skill level 8 in Fighting
  5382 | D:7      | Got a faintly glowing glass ring
  5409 | D:7      | Found a glowing golden altar of the Shining One.
  5813 | D:7      | Identified the ring of Allewalero {rF+ rC- rN+ Int+2} (You found it on level 7 of the Dungeon)
  5982 | D:8      | Noticed a two-headed ogre
  5994 | D:8      | Killed a two-headed ogre
  5994 | D:8      | Reached skill level 9 in Fighting
  6001 | D:8      | Found a shimmering altar of Xom.
  6005 | D:8      | HP: 2/83 [electric eel/bolt of electricity (14)]
  6005 | D:8      | Killed from afar by an electric eel

Vault maps used:
D:1:      dpeg_arrival_shrine
D:2:      nicolae_gozag_seed_capital
D:3:      nicolae_ru_awakened_eye, uniq_sigmund, uniq_grinder,
          uniq_crazy_yiuf_cottage
D:4:      cheibrodos_ashenzari_chains
D:5:      first_ration
D:6:      temple_statues, gup_ossuary_entry_pyramid
D:7:      lemuel_coloured_pillars_altar, nicolae_dithmenos_shadow_blocks,
          grunt_temple_overflow_open, the_bakery
D:8:      xom_confusion_cloud, kennysheep_generic_room_7
Temple:   nicolae_temple_great_sept
Ossuary:  ossuary_crypta

Skill      XL: |  1  2  3  4  5  6  7  8  9 |
---------------+----------------------------+-----
Fighting       | 4 5 6 7 9 |  9.0
Armour         | 4 5 6 7 8 |  8.9
Shields        | 4 5 6 7 8 |  8.8
Axes           | 3 4 5 7 8 |  8.2
Maces & Flails | 1 |  1.4
Spellcasting   | 1 |  1.3

Action                   |  1- 3 |  4- 6 |  7- 9 || total
-------------------------+-------+-------+-------++-------
Melee: War axe           |    76 |    43 |   208 ||   327
       Headbutt          |     9 |     9 |    55 ||    73
       Mace              |       |    22 |    75 ||    97
Invok: Berserk           |       |       |     1 ||     1
  Use: Scroll            |     4 |       |    19 ||    23
  Eat: Ration            |     1 |     1 |     3 ||     5
Armor: Scale mail        |    28 |    25 |    75 ||   128
Dodge: Dodged            |    25 |    17 |    76 ||   118
Block: Shield            |    47 |    25 |   140 ||   212

Table legend:
 A = Spawn XP
 B = Non-spawn XP
 C = Spawn XP percentage of total XP
 D = Spawn monster count
 E = Non-spawn monster count
 F = Spawn count percentage of total count
 G = Total turns spent on level
                    A         B        C        D         E        F      G
               +---------+---------+-------+---------+---------+-------+---------
         Total |       0 |    4652 |   0.0 |       0 |     126 |   0.0 |  6005
               +---------+---------+-------+---------+---------+-------+---------
           D:1 |       0 |      18 |   0.0 |       0 |      11 |   0.0 |   732
           D:2 |       0 |      77 |   0.0 |       0 |      18 |   0.0 |   780
           D:3 |       0 |     567 |   0.0 |       0 |      15 |   0.0 |  1149
           D:4 |       0 |     463 |   0.0 |       0 |      17 |   0.0 |   853
           D:5 |       0 |     845 |   0.0 |       0 |      26 |   0.0 |   806
           D:6 |       0 |     373 |   0.0 |       0 |      12 |   0.0 |   503
           D:7 |       0 |     809 |   0.0 |       0 |       9 |   0.0 |   707
           D:8 |       0 |    1250 |   0.0 |       0 |       6 |   0.0 |   156
       Ossuary |       0 |     250 |   0.0 |       0 |      12 |   0.0 |   238
               +---------+---------+-------+---------+---------+-------+---------
